 Dungeon Crawl Stone Soup version 0.13.1 (webtiles) character file.

4742 Chiseanne the Nimble (level 10, 0/68 (71) HPs)
             Began as a Vampire Artificer on Nov 28, 2013.
             Was a Priest of Nemelex Xobeh.
             Succumbed to a gnoll sergeant's poison
             ... on Level 8 of the Dungeon.
             The game lasted 01:02:09 (13795 turns).

Chiseanne the Nimble (Vampire Artificer)           Turns: 13795, Time: 01:02:09

HP   0/68 (71)   AC  8     Str 12      XL: 10   Next: 22%
MP  20/20        EV 17     Int 14      God: Nemelex Xobeh [***...]
Gold 20          SH  0     Dex 15      Spells:  1 memorised,  8 levels left

Res.Fire  : . . .   See Invis. : +   d - +1 orc short sword (venom)
Res.Cold  : . . .   Warding    : .   i - +1 troll leather armour
Life Prot.: + . .   Conserve   : .   (no shield)
Res.Poison: .       Res.Corr.  : .   E - +0 helmet
Res.Elec. : .       Clarity    : .   v - +0 cloak
Sust.Abil.: . .     Spirit.Shd : .   (no gloves)
Res.Mut.  : .       Stasis     : .   (no boots)
Res.Rott. : .       Flight     : .   (no amulet)
Saprovore : . . .                    o - ring of protection from magic
                                     f - ring of flight

@: very poisoned, quite resistant to hostile enchantments, fairly stealthy
A: bottle blood, fangs 3, see invisible, unbreathing
a: Bat Form, Bottle Blood, Draw One, Peek at Two, Triple Draw, Renounce
Religion, Evoke Flight


You were on level 8 of the Dungeon.
You worshipped Nemelex Xobeh.
Nemelex Xobeh was most pleased with you.
You were not thirsty.

You visited 3 branches of the dungeon, and saw 11 of its levels.

You collected 328 gold pieces.
You spent 328 gold pieces at shops.

Inventory:

Hand weapons
 a - a +1,+1 great mace
 d - a +1,+1 orcish short sword of venom (weapon)
 s - a +2,+0 anti-magic mace
 w - the +8,+7 sling of Absolution {flame, -Tele rF+ rC+}
   (You found it on level 8 of the Dungeon)

   It turns projectiles fired from it into bolts of flame.
   It protects you from fire.
   It protects you from cold.
   It prevents most forms of teleportation.
Missiles
 c - 170 stones
 j - 48 sling bullets
 k - 16 steel sling bullets
 r - 3 exploding darts (quivered)
Armour
 e - a +4 orcish ring mail
 i - a +1 troll leather armour (worn)
 v - a +0 cloak (worn)
 E - a +0 helmet (worn)
Magical devices
 x - a wand of magic darts (4)
Scrolls
 h - 2 scrolls of remove curse
Jewellery
 f - a ring of flight (left hand)
 o - a ring of protection from magic (right hand)
Potions
 g - a potion of berserk rage
 t - a potion of restore abilities
Books
 n - a book of Necromancy

   Spells                             Type                      Level
   Pain                               Necromancy                   1
   *Animate Skeleton                  Necromancy                   1
   Lethal Infusion                    Charms/Necromancy            2
   Vampiric Draining                  Necromancy                   3
   Regeneration                       Charms/Necromancy            3
   Animate Dead                       Necromancy                   4
   Control Undead                     Necromancy                   4
Miscellaneous
 b - a plain deck of wonders {drawn: 6} {god gift}
 l - a legendary deck of destruction {drawn: 3} {god gift}


   Skills:
 * Level 4.3 Fighting
 * Level 4.0 Short Blades
   Level 3.6 Axes
 - Level 4.9 Maces & Flails
 * Level 0.7 Slings
 * Level 5.3 Armour
 * Level 9.4 Dodging
 - Level 1.5 Stealth
 * Level 6.0 Evocations


You had 8 spell levels left.
You knew the following spells:

 Your Spells              Type           Power        Failure   Level  Hunger
a - Animate Skeleton      Necr           N/A          30%         1    ##.....


Dungeon Overview and Level Annotations

Branches:
Dungeon (9/27)             Temple (1/1) D:6             Orc (1/4) D:6
   Lair: D:8-13

Altars:
Ashenzari
Cheibriados
Elyvilon
Fedhas
Kikubaaqudgha
Makhleb
Nemelex Xobeh
Okawaru
Sif Muna
Trog
Vehumet
Xom
Yredelemnul
Zin
the Shining One

Shops:
D:4 [   D:7 +

Annotations:
D:7 Stigweard's ghost, experienced OgBe


Innate Abilities, Weirdness & Mutations

You can bottle blood from corpses.
You have razor-sharp teeth.*
You have supernaturally acute eyesight.
You can survive without breathing.*


Message History

You feel very sick.
* * * LOW HITPOINT WARNING * * *
You feel very sick.
You feel a little better.
You hit the bat.
You kill the bat!
* * * LOW HITPOINT WARNING * * *
You feel very sick. The gnoll sergeant barely misses you.
* * * LOW HITPOINT WARNING * * *
You feel sick.
You see here a bat corpse.
* * * LOW HITPOINT WARNING * * *
You feel sick.
* * * LOW HITPOINT WARNING * * *
You feel very sick.
* * * LOW HITPOINT WARNING * * *
You feel very sick.
You die...
Your body disappears without a glow.

########### # #.........# #
#.........# # #.........# #
#.........# # #.........#
####.......@.###############
#............##.............
######.##....................####
#.........................##.#
#.####.##.......g.........##.####
#.# #.##........................
#.####........................<..
#................................
#..........#..............##.####


You could see a gnoll sergeant.

Vanquished Creatures
  A troll (D:9)
  3 hungry ghosts
  A hill giant zombie (D:9)
  A hippogriff (D:7)
  Eustachio (D:9)
  A manticore (D:9)
  3 ice beasts
  2 orc warriors
  2 sky beasts
  6 ogres
  A phantom (D:8)
  3 centaurs
  A yellow wasp (D:8)
  A crocodile (D:8)
  4 giant frogs
  3 killer bees (D:9)
  A troll zombie (D:7)
  7 wights
  A centaur zombie (D:7)
  A hound (D:3)
  10 crimson imps
  A giant frog skeleton (D:8)
  A jelly (D:7)
  A giant frog zombie (D:7)
  3 orc priests
  4 iguanas
  5 worker ants
  10 orc wizards
  A scorpion (D:8)
  A boggart (D:4)
  A mummy (D:8)
  7 adders
  3 worms
  An iguana zombie (D:9)
  3 giant eyeballs
  36 orcs
  12 bats
  A bat skeleton (D:7)
  A bat zombie (D:5)
  3 giant cockroaches
  7 goblins
  16 hobgoblins
  7 jackals
  14 kobolds
  3 quokkas
  A ball python (D:1)
  6 giant geckos
  A giant newt (D:4)
  A hobgoblin skeleton (D:8)
  A jackal skeleton (D:4)
  A kobold skeleton (D:7)
  A kobold zombie (D:5)
  10 rats
  A rat zombie (D:6)
  2 plants (D:6)
221 creatures vanquished.

Vanquished Creatures (collateral kills)
  An ogre (D:4)
  A worker ant (D:7)
  2 adders
  6 orcs
  A giant newt (D:3)
  A kobold (D:2)
12 creatures vanquished.

Vanquished Creatures (others)
  An orc priest (D:7)
1 creature vanquished.

Grand Total: 234 creatures vanquished

Notes
Turn   | Place    | Note
--------------------------------------------------------------
     0 | D:1      | Chiseanne, the Vampire Artificer, began the quest for the Orb.
     0 | D:1      | Reached XP level 1. HP: 16/16 MP: 2/2
    79 | D:1      | Reached skill level 3 in Evocations
   307 | D:1      | Reached XP level 2. HP: 19/22 MP: 4/4
   579 | D:1      | Reached skill level 1 in Fighting
   990 | D:2      | Reached XP level 3. HP: 20/27 MP: 5/5
  1781 | D:3      | Reached skill level 1 in Armour
  1789 | D:3      | Reached XP level 4. HP: 30/33 MP: 7/7
  1937 | D:3      | Paralysed by a giant eyeball for 2 turns
  1946 | D:3      | Paralysed by a giant eyeball for 3 turns
  2175 | D:3      | Reached skill level 4 in Dodging
  2175 | D:3      | Reached XP level 5. HP: 25/38 MP: 8/8
  2312 | D:3      | Noticed an ogre
  2318 | D:3      | Killed an ogre
  2481 | D:4      | Found Trer Nesso's Antique Armour Shop.
  2486 | D:4      | Bought a runed cloak for 23 gold pieces
  2937 | D:4      | Reached XP level 6. HP: 40/45 MP: 10/10
  3141 | D:4      | Noticed an ogre
  3150 | D:4      | Killed an ogre
  3150 | D:4      | Reached skill level 5 in Dodging
  3541 | D:5      | Entered Level 5 of the Dungeon
  4243 | D:5      | Reached XP level 7. HP: 46/51 MP: 12/12
  4303 | D:5      | Reached skill level 1 in Maces & Flails
  4932 | D:6      | Found a basalt altar of Yredelemnul.
  5036 | D:6      | Reached skill level 6 in Dodging
  5050 | D:6      | Found a staircase to the Ecumenical Temple.
  5057 | Temple   | Entered the Ecumenical Temple
  5448 | D:6      | Found a staircase to the Orcish Mines.
  5570 | D:7      | Paralysed by a giant eyeball for 3 turns
  5603 | D:7      | Reached XP level 8. HP: 58/58 MP: 15/15
  6201 | D:7      | Reached skill level 7 in Dodging
  6631 | D:7      | Found Cryffoy's Book Emporium.
  6717 | D:7      | Reached skill level 5 in Evocations
  6980 | D:7      | Noticed Stigweard's ghost (experienced OgBe)
  7390 | D:8      | Reached XP level 9. HP: 54/64 MP: 17/17
  7799 | D:8      | Got a steaming sling
  7918 | D:8      | Reached skill level 8 in Dodging
  8113 | D:9      | Noticed Eustachio
  8127 | D:9      | Killed Eustachio
  9406 | D:4      | Bought a crude scale mail for 305 gold pieces
  9421 | D:4      | Identified the cursed -3 scale mail of Noughts and Crosses {Dex-1 SInv} (You bought it in a shop on level 4 of the Dungeon)
  9618 | Temple   | Became a worshipper of Nemelex Xobeh
  9620 | Temple   | Received a gift from Nemelex Xobeh
  9625 | Temple   | Identified the cursed +8,+7 sling of Absolution {flame, -Tele rF+ rC+} (You found it on level 8 of the Dungeon)
  9636 | Temple   | Acquired Nemelex Xobeh's first power
 10300 | D:5      | Acquired Nemelex Xobeh's second power
 10647 | D:4      | Received a gift from Nemelex Xobeh
 11625 | D:7      | Received a gift from Nemelex Xobeh
 11666 | D:7      | Reached skill level 1 in Axes
 11666 | D:7      | Reached skill level 5 in Armour
 11773 | D:7      | Acquired Nemelex Xobeh's third power
 12179 | D:7      | Reached skill level 9 in Dodging
 12482 | D:9      | Reached XP level 10. HP: 50/68 MP: 8/19
 13009 | Orc:1    | Entered Level 1 of the Orcish Mines
 13009 | Orc:1    | Noticed an orc sorcerer
 13290 | D:6      | Learned a level 1 spell: Animate Skeleton
 13793 | D:8      | HP: 3/68 [poisoned by a gnoll sergeant]
 13794 | D:8      | HP: 1/68 [poisoned by a gnoll sergeant]
 13795 | D:8      | Succumbed to a gnoll sergeant's poison

Action                   |  1- 3 |  4- 6 |  7- 9 | 10-12 || total
-------------------------+-------+-------+-------+-------++-------
Melee: Short sword       |   104 |       |   153 |    73 ||   330
       Sabre             |    70 |   245 |       |       ||   315
       Great mace        |       |    78 |   333 |    46 ||   457
       Mace              |       |     6 |    81 |       ||    87
 Fire: Sling             |       |       |       |    14 ||    14
Invok: Draw One          |       |       |     3 |       ||     3
 Abil: End Transformatio |       |       |     1 |     1 ||     2
       Bat Form          |       |       |     1 |     1 ||     2
Evoke: Wand              |    10 |    29 |    45 |     7 ||    91
       Deck              |       |       |    10 |       ||    10
  Use: Scroll            |     3 |     1 |    25 |       ||    29
       Potion            |       |     3 |     6 |       ||     9
 Stab: Distracted        |       |       |     1 |       ||     1
